 Dungeon Crawl Stone Soup version 0.31-a0-175-g9f7f995f2b (webtiles) character file.

Game seed: 13064846519590201045

97740 qw the Severer (level 16, -2/106 HPs)
             Began as a Gargoyle Fighter on June 17, 2023.
             Was a High Priest of Okawaru.
             Slain by a golden dragon simulacrum (48 damage)
             ... on level 3 of the Abyss.
             The game lasted 00:10:51 (18555 turns).

qw the Severer (Gargoyle Fighter)                  Turns: 18555, Time: 00:10:52

Health: -2/106     AC: 45    Str: 31    XL:     16   Next: 20%
Magic:  23/23      EV: 18    Int: 14    God:    Okawaru [*****.]
Gold:   1124       SH:  7    Dex: 13    Spells: 15/15 levels left

rFire   . . .        Y - +6 war axe (flame)
rCold   . . .        c - +0 buckler
rNeg    + + .        z - +4 plate armour of the Ladybird {rCorr Str+4}
rPois   inf          j - +0 helmet
rElec   +            f - +0 cloak
rCorr   +            y - +0 pair of gloves
SInv    .            s - +0 pair of boots of the Sky {Contam rN+ Int+4 Dex+4}
Will    +....        i - amulet of faith Stlth
                     b - +5 ring of evasion
HPRegen 0.37/turn    A - +4 ring of protection
MPRegen 0.18/turn

%: faith
@: heroic, flying
A: sickness immunity, AC +12, big wings, negative energy resistance 1,
electricity resistance, torment resistance 1, petrification resistance
a: Renounce Religion, Heroism, Finesse, Duel


You were on level 3 of the Abyss.
You worshipped Okawaru.
Okawaru was extremely pleased with you.
You visited 2 branches of the dungeon, and saw 18 of its levels.
You visited the Abyss 1 time.

You collected 1610 gold pieces.
You spent 486 gold pieces at shops.


Innate Abilities, Weirdness & Mutations

You are immune to sickness and miasma.
Your stone body is resilient. (AC +12)
You are immune to poison.
Your large and strong wings let you fly.
You resist negative energy. (rN+)
You are resistant to electric shocks. (rElec)
You are resistant to unholy torment.
You are immune to petrification.


   Skills:
 - Level 14.0(19.0) Fighting
 - Level 16.0(21.0) Axes
 - Level 6.0(11.0) Throwing
 + Level 13.7(18.7) Armour
 - Level 5.6(10.6) Dodging
 - Level 9.3(14.3) Shields
 - Level 10.0 Invocations


You had 15 spell levels left.
You didn't know any spells.
Your spell library was empty.

Inventory:

Hand Weapons
 Y - a +6 war axe of flaming (weapon)
Missiles
 e - a javelin (quivered)
 l - 5 boomerangs
Armour
 c - a +0 buckler (worn)
 f - a +0 cloak (worn)
 j - a +0 helmet (worn)
 o - the scarf "Quirioda" {+Inv, rElec Str+4}
   (Okawaru gifted it to you on level 13 of the Dungeon)

   Str:       It affects your strength (+4).
   rElec:     It insulates you from electricity.
 s - the +0 pair of boots of the Sky (worn) {Contam rN+ Int+4 Dex+4}
   (Okawaru gifted it to you on level 2 of the Lair of Beasts)

   Int:       It affects your intelligence (+4).
   Dex:       It affects your dexterity (+4).
   rN:        It protects you from negative energy.
   Contam:    It causes magical contamination when unequipped.
 x - the scarf of Baldness {+Inv, Harm rElec rF+ Stlth+}
   (Okawaru gifted it to you on level 5 of the Lair of Beasts)

   rF:        It protects you from fire.
   rElec:     It insulates you from electricity.
   Harm:      It increases damage dealt and taken.
   Stlth:     It makes you more stealthy.
 y - a +0 pair of gloves (worn)
 z - the +4 plate armour of the Ladybird (worn) {rCorr Str+4}
   (Okawaru gifted it to you on level 5 of the Lair of Beasts)

   Str:       It affects your strength (+4).
   rCorr:     It protects you from acid and corrosion.
Jewellery
 b - a +5 ring of evasion (left hand)
 i - an amulet of faith (around neck)
 t - an amulet of reflection
 A - a +4 ring of protection (right hand)
 B - a ring of positive energy
Wands
 a - a wand of digging (4)
Scrolls
 h - 7 scrolls of identify
 u - 2 scrolls of teleportation
 v - a scroll of amnesia {unknown}
Potions
 d - 5 potions of might
 g - 2 potions of curing
 k - 7 potions of haste
 m - a potion of magic
 n - 4 potions of enlightenment
 p - 2 potions of cancellation
 q - 3 potions of lignification
 r - 3 potions of heal wounds
 w - a potion of attraction

Dungeon Overview and Level Annotations

Branches:
Dungeon (13/15)            Temple (0/1) D:6            Lair (5/5) D:10
  Swamp (0/4) Lair:2        Snake (0/4) Lair:3        Slime (0/5) Lair:5
    Orc (0/2) D:11
 Vaults: D:13-14

Altars:
Ashenzari
Dithmenos
Gozag
Kikubaaqudgha
Okawaru
Qazlal
Sif Muna
Vehumet
The Shining One
Jiyva
Lugonu

Shops:
D:1 =((   D:9 *

Portals:
Abyss: Lair:5

Annotations:
D:7 1 runed translucent door, Crazy Yiuf
Lair:4 2 transporters


Message History

You hit the purple draconian shifter. You burn the purple draconian shifter.
The purple draconian shifter is lightly wounded.
You closely miss the chaos spawn.
The chaos spawn is severely wounded.
You barely miss the purple draconian shifter.
The purple draconian shifter hits you but does no damage.
You slice the chaos spawn!! You burn the chaos spawn.
You kill the chaos spawn!
Okawaru accepts your kill.
The chaos spawn degenerates into a cloud of primal chaos!
You hit the purple draconian shifter. You burn the purple draconian shifter.
You hit the purple draconian shifter. You burn the purple draconian shifter.
The purple draconian shifter is lightly wounded.
The purple draconian shifter breathes dispelling energy at you.
The bolt of dispelling energy hits you.
You slice the purple draconian shifter!!
You burn the purple draconian shifter.
The purple draconian shifter is heavily wounded.
The purple draconian shifter completely misses you.
You hit the purple draconian shifter. You burn the purple draconian shifter.
The purple draconian shifter is heavily wounded.
You slash the golden dragon simulacrum!
You melt the golden dragon simulacrum.
A lurking horror comes into view.
You closely miss the purple draconian shifter.
The purple draconian shifter is heavily wounded.
You hit the golden dragon simulacrum.
You melt the golden dragon simulacrum.
The purple draconian shifter misses you.
The golden dragon simulacrum misses you.
The golden dragon simulacrum closely misses you.
You block the golden dragon simulacrum's attack.
You slice the purple draconian shifter!!
You burn the purple draconian shifter!
The purple draconian shifter is almost dead.
You hit the golden dragon simulacrum.
You melt the golden dragon simulacrum.
The purple draconian shifter gestures wildly while chanting.
The purple draconian shifter blinks!
The golden dragon simulacrum barely misses you.
The golden dragon simulacrum claws you!
The golden dragon simulacrum freezes you!!!
You die...

# . #
####.## ##.
##@.# #.## .
. #.¤Z*.# .
.# ###.###
#. # # #
.#(.# # .
..# # #
.#.##...#.##
% # # .. .##
.#..Z.## .#
.. .. (.#q
(.# .. ##.
.##..#(# . .
#.


You could see a golden dragon simulacrum and a lurking horror.

Vanquished Creatures
  Rupert (D:13)
  Frances (D:12)
  Gastronok (D:10)
  4 very ugly things (Abyss:3)
  A stone giant (D:13)
  Snorg (D:11)
  6 hydras
  An entropy weaver (shapeshifter) (Lair:5)
  2 catoblepae
  5 boulder beetles
  5 centaur warriors (D:13)
  6 death yaks (Lair:5)
  2 two-headed ogres
  3 thrashing horrors (Lair:5)
  Sonja (D:11)
  A wretched star (Abyss:3)
  Lodul (D:10)
  A skyshark (Lair:2)
  A glowing orange brain (Abyss:3)
  An orc knight (D:13)
  A lindwurm (Lair:5)
  3 deep elf zephyrmancers (D:11)
  8 deep elf pyromancers
  A wolf spider (Lair:3)
  2 oklob plants
  2 ugly things
  4 cyclopes (D:13)
  2 manticores (D:11)
  A worldbinder (Abyss:3)
  A black mamba (Lair:5)
  4 smoke demons
  10 elephants
  An unseen horror (D:12)
  14 cane toads
  2 gargoyles (D:13)
  Maggie (D:10)
  A rime drake (shapeshifter) (Lair:5)
  A rime drake (Lair:2)
  A kobold demonologist (D:12)
  14 komodo dragons
  An ancient zyme (Lair:5)
  7 polar bears
  A silent spectre (Abyss:3)
  A polar bear (shapeshifter) (D:13)
  4 trolls
  2 tyrant leeches (Lair:2)
  13 dream sheep (Lair:5)
  A hornet (D:9)
  41 blink frogs
  2 centaur simulacra (D:11)
  6 slime creatures
  3 spriggans
  A vampire (D:11)
  2 ynoxinuls (Lair:5)
  3 shadows
  4 wraiths
  3 wyverns
  69 yaks
  6 basilisks
  A golden eye (shapeshifter) (D:13)
  5 chaos spawn
  10 humans (D:13)
  A steam dragon (D:8)
  A swamp worm (Lair:2)
  12 vampire mosquitoes
  A spatial vortex (Abyss:3)
  2 nagas (Lair:3)
  Edmund (D:5)
  4 large abominations
  An acid dragon (D:13)
  13 water moccasins
  9 orc warriors
  3 ice beasts
  7 ogres
  4 black bears
  31 wolves
  2 phantoms (D:11)
  3 centaurs
  2 kobold brigands
  13 small abominations
  26 bullfrogs
  3 gnoll sergeants
  2 scorpions
  10 wights
  A troll zombie (D:11)
  A howler monkey (D:12)
  5 electric eels
  2 jellies (D:6)
  3 gnoll boudas
  4 orc priests
  4 hounds
  4 sleepcaps
  7 hell rats
  An iguana (D:4)
  6 orc wizards
  7 ogre zombies (D:11)
  20 gnolls
  19 adders
  3 white imps
  A howler monkey simulacrum (D:11)
  2 ufetubi
  6 dart slugs
  33 orcs
  4 ball pythons
  6 endoplasms
  3 giant cockroaches
  11 goblins
  7 hobgoblins
  7 jackals
  10 kobolds
  4 quokkas
  4 bats
  6 frilled lizards
  3 goblin zombies (D:11)
  6 hobgoblin skeletons (D:11)
  3 hobgoblin zombies (D:11)
  3 orc skeletons (D:11)
  10 orc zombies (D:11)
  7 rats
679 creatures vanquished.

Notes
Turn   | Place    | Note
-------+----------+-------------------------------------------
     0 | D:1      | qw the Gargoyle Fighter began the quest for the Orb.
     0 | D:1      | Reached XP level 1. HP: 14/14 MP: 1/1
     0 | D:1      | 0 ||| qw: Version: 0.3-a-2-g5ab2908
     0 | D:1      | 0 ||| qw: Game counter: 310
     0 | D:1      | 0 ||| qw: Always use a shield: true
     0 | D:1      | 0 ||| qw: God list: Okawaru
     0 | D:1      | 0 ||| qw: Allow faded altars: false
     0 | D:1      | 0 ||| qw: Do Orc after D:15 true
     0 | D:1      | 0 ||| qw: Do second Lair branch before Depths: true
     0 | D:1      | 0 ||| qw: Lair rune preference: random
     0 | D:1      | 0 ||| qw: Plans: Normal, Zot:1-4, Slime:5, God:TSO, Crypt,
                  | Tomb, Abyss, Pan, Hells, Win
     0 | D:1      | 0 ||| PLANNING D:1-11
    30 | D:1      | Reached skill level 2 in Axes
   111 | D:1      | Found Neihim's Weapon Shop.
   146 | D:1      | Reached XP level 2. HP: 19/19 MP: 2/2
   218 | D:1      | Found Gytelate's Weapon Shop.
   230 | D:1      | 230 ||| BUYING +0 mace (36 gold).
   230 | D:1      | Bought a +0 mace for 36 gold pieces
   424 | D:1      | Found Jiowniotz's Jewellery Boutique.
   425 | D:1      | 425 ||| Stepping ~*~*~tactically~*~*~ (stealth).
   426 | D:1      | 426 ||| Stepping ~*~*~tactically~*~*~ (stealth).
   454 | D:1      | 454 ||| SHOPLISTING +6 ring of strength (468 gold, have
                  | 28).
   454 | D:1      | 454 ||| SHOPLISTING amulet of faith (520 gold, have 28).
   454 | D:1      | 454 ||| SHOPLISTING ring of ice (325 gold, have 28).
   454 | D:1      | 454 ||| SHOPLISTING ring of resist corrosion (260 gold,
                  | have 28).
   454 | D:1      | 454 ||| SHOPLISTING ring of the Little Devil {Fire rN+
                  | Str+3 Dex+2} (607 gold, have 28).
   587 | D:1      | 587 ||| UPGRADING to +0 pair of boots.
   592 | D:1      | 592 ||| UPGRADING to +0 plate armour.
   602 | D:1      | 602 ||| DROPPING +0 scale mail.
   603 | D:1      | 603 ||| UPGRADING to +0 helmet.
   608 | D:1      | 608 ||| READING scroll labelled DUISUBA WIFUN.
   609 | D:1      | 609 ||| READING scroll labelled WIAJASS SIPN.
   707 | D:2      | Reached skill level 3 in Axes
   737 | D:2      | Reached XP level 3. HP: 23/23 MP: 3/3
   805 | D:2      | 805 ||| Stepping ~*~*~tactically~*~*~ (stealth).
   934 | D:2      | Found an iron altar of Okawaru.
   935 | D:2      | 935 ||| PLANNING OKAWARU WORSHIP
   935 | D:2      | 935 ||| READING scroll labelled ACWOBRYDAD.
   936 | D:2      | 936 ||| READING scroll labelled JEIKUU ICRE.
   942 | D:2      | 942 ||| FLEEEEING.
   945 | D:2      | 945 ||| FLEEEEING.
   946 | D:2      | 946 ||| FLEEEEING.
   947 | D:2      | 947 ||| FLEEEEING.
   948 | D:2      | 948 ||| FLEEEEING.
   949 | D:2      | 949 ||| FLEEEEING.
   950 | D:2      | 950 ||| FLEEEEING.
   957 | D:2      | 957 ||| STAIRDANCE
  1059 | D:1      | 1059 ||| DRINKING 2 golden potions.
  1067 | D:2      | 1067 ||| Stepping ~*~*~tactically~*~*~ (stealth).
  1100 | D:2      | Became a worshipper of Warmaster Okawaru
  1101 | D:2      | 1101 ||| PLANNING D:1-11
  1142 | D:2      | Reached XP level 4. HP: 28/28 MP: 4/4
  1176 | D:2      | 1176 ||| Stepping ~*~*~tactically~*~*~ (hiding).
  1331 | D:2      | 1331 ||| Stepping ~*~*~tactically~*~*~ (stealth).
  1339 | D:2      | Reached skill level 4 in Axes
  1516 | D:2      | 1516 ||| Stepping ~*~*~tactically~*~*~ (stealth).
  1573 | D:2      | 1573 ||| UPGRADING to +5 ring of evasion.
  1574 | D:2      | 1574 ||| READING scroll labelled SIKHONIGIA.
  1619 | D:3      | 1619 ||| Stepping ~*~*~tactically~*~*~ (stealth).
  1628 | D:3      | 1628 ||| Stepping ~*~*~tactically~*~*~ (stealth).
  1638 | D:3      | Reached XP level 5. HP: 32/32 MP: 5/5
  1763 | D:3      | 1763 ||| Stepping ~*~*~tactically~*~*~ (stealth).
  1827 | D:3      | Found an ancient bone altar of Kikubaaqudgha.
  1828 | D:3      | 1828 ||| Stepping ~*~*~tactically~*~*~ (hiding).
  1947 | D:3      | 1947 ||| Stepping ~*~*~tactically~*~*~ (hiding).
  2090 | D:3      | Reached skill level 1 in Throwing
  2105 | D:3      | Reached skill level 5 in Axes
  2107 | D:3      | Reached * piety under Okawaru
  2275 | D:3      | Reached XP level 6. HP: 38/38 MP: 6/6
  2369 | D:3      | 2369 ||| DRINKING 3 viscous inky potions.
  2370 | D:3      | 2370 ||| READING 2 scrolls of identify.
  2370 | D:3      | 2370 ||| IDENTIFYING fuming cyan potion
  2371 | D:3      | 2371 ||| DROPPING potion of degeneration.
  2427 | D:4      | 2427 ||| Stepping ~*~*~tactically~*~*~ (hiding).
  2473 | D:4      | Reached skill level 1 in Invocations
  2672 | D:4      | 2672 ||| INVOKING Heroism.
  2967 | D:4      | 2967 ||| UPGRADING to +6 ring of dexterity.
  2968 | D:4      | 2968 ||| READING 2 scrolls of identify.
  2968 | D:4      | 2968 ||| IDENTIFYING bubbling white potion
  2969 | D:4      | 2969 ||| DROPPING potion of brilliance.
  3001 | D:5      | Entered Level 5 of the Dungeon
  3040 | D:5      | Found a glowing golden altar of the Shining One.
  3133 | D:5      | Noticed an ice beast
  3134 | D:5      | 3134 ||| INVOKING Heroism.
  3136 | D:5      | Killed an ice beast
  3137 | D:5      | Reached skill level 1 in Dodging
  3137 | D:5      | Reached XP level 7. HP: 43/43 MP: 5/9
  3321 | D:5      | Reached skill level 3 in Invocations
  3449 | D:5      | 3449 ||| INVOKING Heroism.
  3865 | D:5      | Noticed Edmund
  3866 | D:5      | 3866 ||| INVOKING Heroism.
  3882 | D:5      | Killed Edmund
  3883 | D:5      | Reached skill level 6 in Axes
  3886 | D:5      | 3886 ||| DROPPING +0 mace.
  4006 | D:5      | 4006 ||| READING scroll labelled MUQITU LANUWE.
  4007 | D:5      | 4007 ||| READING 2 scrolls of identify.
  4007 | D:5      | 4007 ||| IDENTIFYING grey potion
  4107 | D:6      | Found a staircase to the Ecumenical Temple.
  4126 | D:6      | Found a stormy altar of Qazlal.
  4167 | D:6      | 4167 ||| READING scroll labelled EBBUOCS CASIF.
  4171 | D:6      | 4171 ||| INVOKING Heroism.
  4242 | D:6      | 4242 ||| Stepping ~*~*~tactically~*~*~ (water).
  4244 | D:6      | Reached XP level 8. HP: 48/48 MP: 11/11
  4253 | D:6      | 4253 ||| INVOKING Heroism.
  4254 | D:6      | 4254 ||| Stepping ~*~*~tactically~*~*~ (stealth).
  4494 | D:6      | Reached skill level 7 in Axes
  4711 | D:6      | 4711 ||| INVOKING Heroism.
  5014 | D:6      | 5014 ||| Stepping ~*~*~tactically~*~*~ (stealth).
  5042 | D:6      | 5042 ||| DRINKING 3 potions of curing.
  5042 | D:6      | 5042 ||| (to cure confusion)
  5070 | D:6      | 5070 ||| READING scroll labelled VEARISAUCI.
  5084 | D:7      | 5084 ||| Stepping ~*~*~tactically~*~*~ (hiding).
  5085 | D:7      | 5085 ||| INVOKING Heroism.
  5129 | D:7      | Reached skill level 8 in Axes
  5209 | D:7      | 5209 ||| Stepping ~*~*~tactically~*~*~ (hiding).
  5210 | D:7      | 5210 ||| Stepping ~*~*~tactically~*~*~ (hiding).
  5213 | D:7      | 5213 ||| INVOKING Heroism.
  5232 | D:7      | 5232 ||| SWAPPING to +2 war axe of flaming.
  5233 | D:7      | 5233 ||| DROPPING +1 flail of protection.
  5234 | D:7      | 5234 ||| DROPPING +1 war axe.
  5343 | D:7      | Reached XP level 9. HP: 46/54 MP: 12/12
  5384 | D:7      | Found a radiant altar of Vehumet.
  5490 | D:7      | Found a broken altar of Ashenzari.
  5498 | D:7      | 5498 ||| READING 2 scrolls of enchant weapon.
  5498 | D:7      | 5498 ||| ENCHANTING +2 war axe of flaming.
  5499 | D:7      | 5499 ||| READING scroll of enchant weapon.
  5499 | D:7      | 5499 ||| ENCHANTING +3 war axe of flaming.
  5595 | D:7      | 5595 ||| Stepping ~*~*~tactically~*~*~ (stealth).
  5604 | D:7      | 5604 ||| Stepping ~*~*~tactically~*~*~ (stealth).
  5609 | D:7      | Reached ** piety under Okawaru
  5610 | D:7      | Reached skill level 6 in Fighting
  5616 | D:7      | 5616 ||| Stepping ~*~*~tactically~*~*~ (stealth).
  5642 | D:7      | 5642 ||| INVOKING Heroism.
  6053 | D:7      | Found a runed translucent door.
  6054 | D:7      | Noticed Crazy Yiuf
  6057 | D:7      | 6057 ||| DROPPING amulet of magic regeneration.
  6058 | D:7      | 6058 ||| READING scroll labelled FEKEJEIR SESIUNWYNN.
  6059 | D:7      | 6059 ||| READING 4 scrolls of identify.
  6059 | D:7      | 6059 ||| IDENTIFYING fizzy grey potion
  6060 | D:7      | 6060 ||| READING 3 scrolls of identify.
  6060 | D:7      | 6060 ||| IDENTIFYING green potion
  6061 | D:7      | 6061 ||| READING 2 scrolls of identify.
  6061 | D:7      | 6061 ||| IDENTIFYING smoky orange potion
  6080 | D:8      | Noticed a two-headed ogre
  6081 | D:8      | 6081 ||| INVOKING Heroism.
  6086 | D:8      | Killed a two-headed ogre
  6087 | D:8      | Reached skill level 9 in Axes
  6136 | D:8      | 6136 ||| UPGRADING to +0 cloak.
  6149 | D:8      | Found a shadowy altar of Dithmenos.
  6165 | D:8      | Reached skill level 6 in Armour
  6226 | D:8      | Reached *** piety under Okawaru
  6227 | D:8      | Reached XP level 10. HP: 53/63 MP: 13/13
  6231 | D:8      | 6231 ||| INVOKING Heroism.
  6388 | D:8      | 6388 ||| INVOKING Heroism.
  6396 | D:8      | 6396 ||| DRINKING 2 potions of curing.
  6396 | D:8      | 6396 ||| (to cure confusion)
  6403 | D:8      | Reached skill level 10 in Axes
  6516 | D:8      | 6516 ||| Stepping ~*~*~tactically~*~*~ (hiding).
  6522 | D:8      | 6522 ||| INVOKING Heroism.
  6556 | D:8      | 6556 ||| FLEEEEING.
  6557 | D:8      | 6557 ||| FLEEEEING.
  6558 | D:8      | 6558 ||| FLEEEEING.
  6559 | D:8      | 6559 ||| FLEEEEING.
  6560 | D:8      | 6560 ||| FLEEEEING.
  6623 | D:8      | 6623 ||| Stepping ~*~*~tactically~*~*~ (hiding).
  6624 | D:8      | 6624 ||| Stepping ~*~*~tactically~*~*~ (hiding).
  6699 | D:8      | Found a shimmering blue altar of Sif Muna.
  6749 | D:8      | Identified the +3 spear of Umua {antimagic, rC- rN+ Stlth+}
  6750 | D:8      | Identified the +7 spear of Elicelum {flame, rPois rN+
                  | Dex-3}
  6826 | D:8      | 6826 ||| READING scroll labelled PAMU CESOWET.
  6827 | D:8      | 6827 ||| READING scroll labelled XOIMEOSS JEXE.
  6848 | D:9      | Found an opulent altar of Gozag.
  6991 | D:9      | 6991 ||| INVOKING Heroism.
  7121 | D:9      | 7121 ||| INVOKING Heroism.
  7158 | D:9      | 7158 ||| Stepping ~*~*~tactically~*~*~ (hiding).
  7160 | D:9      | 7160 ||| Stepping ~*~*~tactically~*~*~ (hiding).
  7161 | D:9      | 7161 ||| Stepping ~*~*~tactically~*~*~ (hiding).
  7270 | D:9      | Found Dasocit's Neck Hole.
  7271 | D:9      | 7271 ||| Stepping ~*~*~tactically~*~*~ (stealth).
  7280 | D:9      | 7280 ||| Stepping ~*~*~tactically~*~*~ (hiding).
  7283 | D:9      | 7283 ||| Stepping ~*~*~tactically~*~*~ (hiding).
  7284 | D:9      | 7284 ||| INVOKING Heroism.
  7320 | D:9      | 7320 ||| BUYING amulet of reflection (450 gold).
  7320 | D:9      | Bought an amulet of reflection for 450 gold pieces
  7349 | D:9      | 7349 ||| UPGRADING to amulet of reflection.
  7439 | D:9      | 7439 ||| INVOKING Heroism.
  7679 | D:9      | 7679 ||| UPGRADING to +3 plate armour.
  7689 | D:9      | 7689 ||| DROPPING +0 plate armour.
  7721 | D:10     | Entered Level 10 of the Dungeon
  7735 | D:10     | 7735 ||| Stepping ~*~*~tactically~*~*~ (stealth).
  7739 | D:10     | Noticed Gastronok
  7740 | D:10     | 7740 ||| INVOKING Heroism.
  7753 | D:10     | Noticed Lodul
  7755 | D:10     | Killed Gastronok
  7756 | D:10     | 7756 ||| Stepping ~*~*~tactically~*~*~ (hiding).
  7757 | D:10     | 7757 ||| Stepping ~*~*~tactically~*~*~ (hiding).
  7763 | D:10     | 7763 ||| INVOKING Heroism.
  7771 | D:10     | Killed Lodul
  7771 | D:10     | Reached **** piety under Okawaru
  7772 | D:10     | Reached skill level 6 in Shields
  7772 | D:10     | Reached XP level 11. HP: 27/68 MP: 12/14
  7778 | D:10     | 7778 ||| INVOKING Heroism.
  7949 | D:10     | 7949 ||| INVOKING Heroism.
  8062 | D:10     | Noticed Maggie
  8071 | D:10     | Killed Maggie
  8072 | D:10     | Reached skill level 11 in Axes
  8144 | D:10     | Found a staircase to the Lair.
  8225 | D:10     | Reached skill level 6 in Invocations
  8236 | D:10     | Reached ***** piety under Okawaru
  8245 | D:10     | 8245 ||| FLEEEEING.
  8246 | D:10     | 8246 ||| FLEEEEING.
  8247 | D:10     | 8247 ||| FLEEEEING.
  8248 | D:10     | 8248 ||| FLEEEEING.
  8249 | D:10     | 8249 ||| FLEEEEING.
  8322 | D:10     | 8322 ||| PLANNING LAIR
  8322 | D:10     | 8322 ||| DROPPING +6 ring of intelligence.
  8323 | D:10     | 8323 ||| READING 3 scrolls of identify.
  8323 | D:10     | 8323 ||| IDENTIFYING pink potion
  8324 | D:10     | 8324 ||| READING 2 scrolls of identify.
  8324 | D:10     | 8324 ||| IDENTIFYING purple potion
  8325 | D:10     | 8325 ||| DROPPING potion of invisibility.
  8369 | Lair:1   | Entered Level 1 of the Lair of Beasts
  8407 | Lair:1   | 8407 ||| INVOKING Heroism.
  8410 | Lair:1   | 8410 ||| Stepping ~*~*~tactically~*~*~ (stealth).
  8459 | Lair:1   | 8459 ||| Stepping ~*~*~tactically~*~*~ (stealth).
  8461 | Lair:1   | 8461 ||| INVOKING Heroism.
  8640 | Lair:1   | 8640 ||| INVOKING Heroism.
  8676 | Lair:1   | Received a gift from Okawaru
  8677 | Lair:1   | Reached skill level 9 in Fighting
  8679 | Lair:1   | Reached XP level 12. HP: 76/76 MP: 17/17
  8679 | Lair:1   | 8679 ||| INVOKING Heroism.
  8786 | Lair:1   | 8786 ||| INVOKING Heroism.
  8860 | Lair:1   | 8860 ||| INVOKING Heroism.
  9156 | Lair:1   | Reached skill level 9 in Invocations
  9416 | Lair:1   | 9416 ||| UPGRADING to amulet of faith.
  9501 | Lair:2   | 9501 ||| INVOKING Heroism.
  9563 | Lair:2   | 9563 ||| Stepping ~*~*~tactically~*~*~ (hiding).
  9565 | Lair:2   | 9565 ||| Stepping ~*~*~tactically~*~*~ (hiding).
  9566 | Lair:2   | 9566 ||| Stepping ~*~*~tactically~*~*~ (hiding).
  9568 | Lair:2   | 9568 ||| Stepping ~*~*~tactically~*~*~ (stealth).
  9570 | Lair:2   | Received a gift from Okawaru
  9605 | Lair:2   | 9605 ||| INVOKING Heroism.
  9687 | Lair:2   | 9687 ||| INVOKING Heroism.
  9705 | Lair:2   | Reached skill level 12 in Axes
  9709 | Lair:2   | Identified the +0 pair of boots of the Sky {Contam rN+
                  | Int+4 Dex+4} (Okawaru gifted it to you on level 2 of the
                  | Lair of Beasts)
  9709 | Lair:2   | Received a gift from Okawaru
  9730 | Lair:2   | 9730 ||| INVOKING Heroism.
  9763 | Lair:2   | 9763 ||| Stepping ~*~*~tactically~*~*~ (stealth).
  9768 | Lair:2   | 9768 ||| Stepping ~*~*~tactically~*~*~ (stealth).
  9776 | Lair:2   | Reached skill level 9 in Armour
  9801 | Lair:2   | 9801 ||| INVOKING Heroism.
  9817 | Lair:2   | Reached skill level 3 in Dodging
  9826 | Lair:2   | 9826 ||| Stepping ~*~*~tactically~*~*~ (stealth).
  9828 | Lair:2   | 9828 ||| Stepping ~*~*~tactically~*~*~ (stealth).
  9833 | Lair:2   | 9833 ||| Stepping ~*~*~tactically~*~*~ (stealth).
  9834 | Lair:2   | 9834 ||| Stepping ~*~*~tactically~*~*~ (stealth).
  9835 | Lair:2   | 9835 ||| Stepping ~*~*~tactically~*~*~ (stealth).
  9852 | Lair:2   | 9852 ||| INVOKING Heroism.
  9870 | Lair:2   | Found a staircase to the Swamp.
  9991 | Lair:2   | 9991 ||| Stepping ~*~*~tactically~*~*~ (stealth).
  9994 | Lair:2   | 9994 ||| Stepping ~*~*~tactically~*~*~ (stealth).
 10017 | Lair:2   | 10017 ||| INVOKING Heroism.
 10031 | Lair:2   | Reached XP level 13. HP: 68/82 MP: 18/20
 10524 | Lair:2   | 10524 ||| UPGRADING to +0 pair of boots of the Sky {Contam
                  | rN+ Int+4 Dex+4}.
 10534 | Lair:2   | 10534 ||| DROPPING +0 pair of boots.
 10535 | Lair:2   | 10535 ||| DROPPING ring of wizardry.
 10536 | Lair:2   | 10536 ||| DRINKING 2 sapphire potions.
 10693 | Lair:3   | Reached skill level 13 in Axes
 10708 | Lair:3   | Found a staircase to the Snake Pit.
 10797 | Lair:3   | 10797 ||| INVOKING Heroism.
 10929 | Lair:3   | 10929 ||| INVOKING Heroism.
 10962 | Lair:3   | You fall into a shaft and drop 2 floors!
 10962 | Lair:5   | Entered Level 5 of the Lair of Beasts
 10968 | Lair:5   | 10968 ||| INVOKING Heroism.
 10981 | Lair:5   | Identified the +4 plate armour of the Ladybird {rCorr
                  | Str+4} (Okawaru gifted it to you on level 5 of the Lair of
                  | Beasts)
 10981 | Lair:5   | Received a gift from Okawaru
 11015 | Lair:5   | 11015 ||| FLEEEEING.
 11020 | Lair:5   | 11020 ||| STAIRDANCE
 11022 | Lair:4   | 11022 ||| INVOKING Heroism.
 11340 | Lair:3   | 11340 ||| INVOKING Heroism.
 11374 | Lair:3   | Reached skill level 14 in Axes
 11479 | Lair:3   | 11479 ||| INVOKING Heroism.
 11539 | Lair:3   | 11539 ||| INVOKING Heroism.
 11540 | Lair:3   | 11540 ||| INVOKING Finesse.
 11645 | Lair:3   | 11645 ||| Stepping ~*~*~tactically~*~*~ (hiding).
 11659 | Lair:3   | Received a gift from Okawaru
 11668 | Lair:3   | 11668 ||| Stepping ~*~*~tactically~*~*~ (stealth).
 11670 | Lair:3   | 11670 ||| INVOKING Heroism.
 11773 | Lair:3   | 11773 ||| READING scroll of enchant weapon.
 11773 | Lair:3   | 11773 ||| ENCHANTING +4 war axe of flaming.
 12098 | Lair:3   | 12098 ||| INVOKING Heroism.
 12106 | Lair:3   | 12106 ||| Stepping ~*~*~tactically~*~*~ (water).
 12110 | Lair:3   | Gained mutation: Your large and strong wings let you fly.
                  | [Gargoyle growth]
 12110 | Lair:3   | Reached XP level 14. HP: 46/90 MP: 19/21
 12598 | Lair:4   | Found a transporter.
 12625 | Lair:4   | Found a transporter.
 12647 | Lair:4   | 12647 ||| INVOKING Heroism.
 12648 | Lair:4   | 12648 ||| INVOKING Finesse.
 12927 | Lair:4   | 12927 ||| UPGRADING to +0 pair of gloves.
 12974 | Lair:5   | 12974 ||| INVOKING Heroism.
 13056 | Lair:5   | Found a viscous altar of Jiyva.
 13058 | Lair:5   | 13058 ||| INVOKING Heroism.
 13059 | Lair:5   | Found a staircase to the Slime Pits.
 13155 | Lair:5   | 13155 ||| Stepping ~*~*~tactically~*~*~ (stealth).
 13157 | Lair:5   | 13157 ||| Stepping ~*~*~tactically~*~*~ (stealth).
 13171 | Lair:5   | 13171 ||| INVOKING Heroism.
 13214 | Lair:5   | Received a gift from Okawaru
 13286 | Lair:5   | 13286 ||| READING scroll of enchant weapon.
 13286 | Lair:5   | 13286 ||| ENCHANTING +5 war axe of flaming.
 13307 | Lair:5   | 13307 ||| Stepping ~*~*~tactically~*~*~ (stealth).
 13310 | Lair:5   | 13310 ||| Stepping ~*~*~tactically~*~*~ (stealth).
 13330 | Lair:5   | Reached skill level 15 in Axes
 13338 | Lair:5   | 13338 ||| FLEEEEING.
 13339 | Lair:5   | 13339 ||| FLEEEEING.
 13386 | Lair:5   | 13386 ||| Stepping ~*~*~tactically~*~*~ (hiding).
 13532 | Lair:5   | Identified the scarf of Baldness {+Inv, Harm rElec rF+
                  | Stlth+} (Okawaru gifted it to you on level 5 of the Lair of
                  | Beasts)
 13532 | Lair:5   | Received a gift from Okawaru
 13544 | Lair:5   | 13544 ||| FLEEEEING.
 13612 | Lair:5   | 13612 ||| INVOKING Heroism.
 13613 | Lair:5   | 13613 ||| INVOKING Finesse.
 13620 | Lair:5   | Reached skill level 12 in Fighting
 13658 | Lair:5   | Reached skill level 12 in Armour
 13672 | Lair:5   | 13672 ||| FLEEEEING.
 13673 | Lair:5   | 13673 ||| FLEEEEING.
 13674 | Lair:5   | 13674 ||| FLEEEEING.
 13675 | Lair:5   | 13675 ||| FLEEEEING.
 13676 | Lair:5   | 13676 ||| FLEEEEING.
 13678 | Lair:5   | 13678 ||| FLEEEEING.
 13679 | Lair:5   | 13679 ||| FLEEEEING.
 13680 | Lair:5   | 13680 ||| FLEEEEING.
 13681 | Lair:5   | 13681 ||| FLEEEEING.
 13682 | Lair:5   | 13682 ||| INVOKING Heroism.
 13737 | Lair:5   | 13737 ||| FLEEEEING.
 13738 | Lair:5   | 13738 ||| FLEEEEING.
 13739 | Lair:5   | 13739 ||| FLEEEEING.
 13905 | Lair:5   | 13905 ||| FLEEEEING.
 14093 | Lair:5   | 14093 ||| Stepping ~*~*~tactically~*~*~ (stealth).
 14224 | Lair:5   | 14224 ||| INVOKING Heroism.
 14254 | Lair:5   | 14254 ||| Stepping ~*~*~tactically~*~*~ (stealth).
 14259 | Lair:5   | 14259 ||| Stepping ~*~*~tactically~*~*~ (stealth).
 14349 | Lair:5   | Found a corrupted altar of Lugonu.
 14349 | Lair:5   | Found a one-way gate to the infinite horrors of the Abyss.
 14427 | Lair:5   | 14427 ||| Stepping ~*~*~tactically~*~*~ (stealth).
 14429 | Lair:5   | 14429 ||| INVOKING Heroism.
 14432 | Lair:5   | 14432 ||| Stepping ~*~*~tactically~*~*~ (hiding).
 14555 | Lair:5   | 14555 ||| PLANNING D:1-11
 14555 | Lair:5   | 14555 ||| DROPPING +0 acid dragon scales.
 14556 | Lair:5   | 14556 ||| UPGRADING to +4 plate armour of the Ladybird
                  | {rCorr Str+4}.
 14566 | Lair:5   | 14566 ||| DROPPING +3 plate armour.
 14567 | Lair:5   | 14567 ||| READING 3 scrolls labelled CULARRU GUQEMEN.
 14568 | Lair:5   | 14568 ||| DROPPING 2 scrolls of vulnerability.
 14777 | D:11     | You are sucked into a shaft and drop 1 floor!
 14784 | D:12     | 14784 ||| Stepping ~*~*~tactically~*~*~ (stealth).
 14791 | D:12     | 14791 ||| Stepping ~*~*~tactically~*~*~ (stealth).
 14843 | D:12     | Reached XP level 15. HP: 96/96 MP: 22/22
 14901 | D:12     | 14901 ||| Stepping randomly (disturbance).
 14927 | D:12     | 14927 ||| Stepping ~*~*~tactically~*~*~ (stealth).
 15008 | D:12     | 15008 ||| Stepping ~*~*~tactically~*~*~ (stealth).
 15010 | D:12     | Noticed Frances
 15011 | D:12     | 15011 ||| INVOKING Heroism.
 15012 | D:12     | 15012 ||| INVOKING Finesse.
 15024 | D:12     | Killed Frances
 15025 | D:12     | 15025 ||| READING scroll of teleportation.
 15191 | D:11     | 15191 ||| Stepping ~*~*~tactically~*~*~ (stealth).
 15194 | D:11     | 15194 ||| Stepping ~*~*~tactically~*~*~ (stealth).
 15250 | D:11     | Received a gift from Okawaru
 15258 | D:11     | 15258 ||| Stepping ~*~*~tactically~*~*~ (stealth).
 15276 | D:11     | 15276 ||| Stepping ~*~*~tactically~*~*~ (stealth).
 15281 | D:11     | 15281 ||| Stepping ~*~*~tactically~*~*~ (stealth).
 15282 | D:11     | 15282 ||| Stepping ~*~*~tactically~*~*~ (stealth).
 15289 | D:11     | 15289 ||| Stepping ~*~*~tactically~*~*~ (stealth).
 15298 | D:11     | Found a staircase to the Orcish Mines.
 15462 | D:11     | Reached skill level 16 in Axes
 15464 | D:11     | Received a gift from Okawaru
 15467 | D:11     | 15467 ||| INVOKING Heroism.
 15597 | D:11     | 15597 ||| Stepping ~*~*~tactically~*~*~ (hiding).
 15613 | D:11     | Received a gift from Okawaru
 15618 | D:11     | 15618 ||| INVOKING Heroism.
 15620 | D:11     | Noticed Sonja
 15621 | D:11     | 15621 ||| INVOKING Finesse.
 15628 | D:11     | Killed Sonja
 15656 | D:11     | 15656 ||| INVOKING Heroism.
 15910 | D:11     | 15910 ||| Stepping ~*~*~tactically~*~*~ (hiding).
 15950 | D:11     | Noticed Snorg
 15962 | D:11     | 15962 ||| INVOKING Heroism.
 15963 | D:11     | Killed Snorg
 16208 | D:11     | 16208 ||| PLANNING D
 16252 | D:12     | 16252 ||| Stepping ~*~*~tactically~*~*~ (stealth).
 16362 | D:12     | 16362 ||| INVOKING Heroism.
 16930 | D:12     | 16930 ||| UPGRADING to +4 ring of protection.
 16932 | D:12     | 16932 ||| DROPPING +6 ring of dexterity.
 16933 | D:12     | 16933 ||| READING scroll labelled NIALAI QEYCRON.
 16950 | D:13     | Identified the scarf "Quirioda" {+Inv, rElec Str+4}
                  | (Okawaru gifted it to you on level 13 of the Dungeon)
 16950 | D:13     | Received a gift from Okawaru
 17017 | D:13     | Identified the +0 glaive of Massacring {flame, rElec}
 17067 | D:13     | 17067 ||| Stepping ~*~*~tactically~*~*~ (hiding).
 17069 | D:13     | 17069 ||| Stepping ~*~*~tactically~*~*~ (hiding).
 17140 | D:13     | 17140 ||| INVOKING Heroism.
 17320 | D:13     | 17320 ||| Stepping ~*~*~tactically~*~*~ (hiding).
 17323 | D:13     | 17323 ||| Stepping ~*~*~tactically~*~*~ (hiding).
 17333 | D:13     | Reached skill level 6 in Throwing
 17430 | D:13     | 17430 ||| Stepping ~*~*~tactically~*~*~ (hiding).
 17431 | D:13     | 17431 ||| Stepping ~*~*~tactically~*~*~ (hiding).
 17432 | D:13     | 17432 ||| Stepping ~*~*~tactically~*~*~ (hiding).
 17433 | D:13     | 17433 ||| Stepping ~*~*~tactically~*~*~ (hiding).
 17434 | D:13     | 17434 ||| Stepping ~*~*~tactically~*~*~ (hiding).
 17435 | D:13     | 17435 ||| Stepping ~*~*~tactically~*~*~ (hiding).
 17539 | D:13     | 17539 ||| DRINKING 4 potions of curing.
 17539 | D:13     | 17539 ||| (to cure confusion)
 17655 | D:13     | Noticed Rupert
 17656 | D:13     | 17656 ||| INVOKING Heroism.
 17657 | D:13     | 17657 ||| INVOKING Finesse.
 17659 | D:13     | 17659 ||| DRINKING 3 potions of curing.
 17659 | D:13     | 17659 ||| (to cure confusion)
 17660 | D:13     | Paralysed by Rupert for 2 turns
 17687 | D:13     | Killed Rupert
 17688 | D:13     | Reached skill level 9 in Shields
 18048 | D:13     | 18048 ||| Stepping ~*~*~tactically~*~*~ (hiding).
 18089 | D:13     | 18089 ||| INVOKING Heroism.
 18136 | D:13     | Reached XP level 16. HP: 104/104 MP: 23/23
 18153 | Abyss:3  | Cast into level 3 of the Abyss (a wizard)
 18199 | Abyss:3  | 18199 ||| Stepping ~*~*~tactically~*~*~ (hiding).
 18201 | Abyss:3  | 18201 ||| Stepping ~*~*~tactically~*~*~ (hiding).
 18222 | Abyss:3  | 18222 ||| Stepping ~*~*~tactically~*~*~ (stealth).
 18292 | Abyss:3  | 18292 ||| Stepping ~*~*~tactically~*~*~ (stealth).
 18293 | Abyss:3  | 18293 ||| Stepping ~*~*~tactically~*~*~ (stealth).
 18294 | Abyss:3  | 18294 ||| Stepping ~*~*~tactically~*~*~ (stealth).
 18297 | Abyss:3  | 18297 ||| Stepping ~*~*~tactically~*~*~ (stealth).
 18300 | Abyss:3  | 18300 ||| Stepping ~*~*~tactically~*~*~ (stealth).
 18326 | Abyss:3  | 18326 ||| Stepping ~*~*~tactically~*~*~ (stealth).
 18332 | Abyss:3  | Received a gift from Okawaru
 18350 | Abyss:3  | 18350 ||| INVOKING Heroism.
 18383 | Abyss:3  | 18383 ||| Stepping ~*~*~tactically~*~*~ (stealth).
 18399 | Abyss:3  | 18399 ||| Stepping ~*~*~tactically~*~*~ (stealth).
 18400 | Abyss:3  | 18400 ||| INVOKING Heroism.
 18502 | Abyss:3  | 18502 ||| Stepping ~*~*~tactically~*~*~ (stealth).
 18506 | Abyss:3  | 18506 ||| Stepping ~*~*~tactically~*~*~ (stealth).
 18507 | Abyss:3  | 18507 ||| Stepping ~*~*~tactically~*~*~ (hiding).
 18508 | Abyss:3  | 18508 ||| Stepping ~*~*~tactically~*~*~ (hiding).
 18512 | Abyss:3  | 18512 ||| Stepping ~*~*~tactically~*~*~ (hiding).
 18513 | Abyss:3  | 18513 ||| Stepping ~*~*~tactically~*~*~ (hiding).
 18520 | Abyss:3  | 18520 ||| INVOKING Heroism.
 18535 | Abyss:3  | HP: 26/106 [spatial maelstrom (9)]
 18536 | Abyss:3  | 18536 ||| DRINKING 4 potions of heal wounds.
 18537 | Abyss:3  | 18537 ||| Stepping ~*~*~tactically~*~*~ (stealth).
 18539 | Abyss:3  | 18539 ||| Stepping ~*~*~tactically~*~*~ (hiding).
 18555 | Abyss:3  | Slain by a golden dragon simulacrum

Levels and vault maps discovered:
D:1:      roderic_octagonal_star, layout_basic, serial_shops,
          nicolae_shop_rolling_square, shop, nicolae_shop_tiny_waterfront
D:2:      layout_loops_cross, basic_altar
D:3:      layout_rooms, mainiacjoe_overflow_paths, hangedman_feature_mirror,
          corexii_shack
D:4:      layout_basic, minivault_14
D:5:      layout_basic, tso_metal_star, minmay_tree_intersection, uniq_edmund
D:6:      layout_basic, nicolae_qazlal_scattered_showers,
          minmay_temple_entry_glassed_door, hangedman_glass_teeth,
          serial_bayou_crossing
D:7:      layout_loops_ring, ashenzari_conservatory_becter,
          nicolae_vehumet_altar_sigil, minmay_stone_trees_medium,
          minmay_misc_feat_hallway, uniq_crazy_yiuf_cottage
D:8:      layout_cave_pools, nicolae_dithmenos_through_a_glass_darkly,
          nicolae_sif_muna_little_library, enter_bailey_2,
          chequers_serial_rivers_micro_e
D:9:      minmay_general_purpose_star, layout_irregular_city,
          grunt_gozag_breadcrumbs, nicolae_shop_sticking_my_neck_out
D:10:     layout_rooms, lair_entry_dummy, grunt_ministairs_14, uniq_lodul,
          uniq_maggie, uniq_gastronok
D:11:     kennysheep_blocky_hall, layout_stronghold, zombieorc2_lemuel,
          serial_ice, serial_ice_g, serial_ice_m, serial_ice_b, serial_ice_f,
          elves_outpost_lemuel, uniq_snorg, uniq_sonja
D:12:     layout_loops_corners, amcnicky_mini_corridor_feature, uniq_frances
D:13:     layout_small_grid, grunt_vaults_entry_tiered, serial_shops,
          nicolae_lakefront_shop, nzn_random_ring, uniq_rupert
Lair:1:   layout_small_grid, serial_bayou_lake_a, grunt_megastairs_5
Lair:2:   layout_loops_ring, minmay_swamp_entry_worms, serial_bayou,
          serial_bayou_lagoon_a, serial_bayou_pond_e, serial_bayou_shore_b,
          serial_bayou_pond_b, cheibrodos_lair_lostbears, grunt_megastairs_3
Lair:3:   nzn_winding_woodlands_stair_cross
          [nzn_winding_woodlands_5x15_concentric,
          nzn_winding_woodlands_center_garden,
          nzn_winding_woodlands_5x15_lazy_stream,
          nzn_winding_woodlands_5x5_default,
          nzn_winding_woodlands_5x5_open_star, nzn_winding_woodlands_5x15_pool,
          nzn_winding_woodlands_center_lodge,
          nzn_winding_woodlands_5x15_sawtooth], layout_regular_city,
          guppyfry_snake_entry_island, grunt_forest_stairs_clearing
Lair:4:   gammafunk_cloud_chamber, layout_cave_shapes, dpeg_oklob_1
Lair:5:   hellmonk_lair_end_abyssal_woods, layout_big_grid,
          minmay_slime_entry_oklob_enclosed, nicolae_quartered_pool_medium
Abyss:3:  base: Lair:3, spicy_abyss_helpful_harpoons

Skill      XL: |  1  2  3  4  5  6  7  8  9 10 11 12 13 14 15 16 |
---------------+-------------------------------------------------+-----
Axes           | 2 3 4 5 6 8 9 10 11 12 14 15 16 | 16.0
Throwing       | 1 2 5 6 |  6.0
Fighting       | 4 5 7 8 9 10 11 12 13 14 | 14.0
Invocations    | 2 4 7 10 | 10.0
Dodging        | 1 2 3 4 5 |  5.6
Armour         | 5 6 7 8 9 10 12 13 | 13.7
Shields        | 4 6 7 9 |  9.3

Action                     |  1- 3 |  4- 6 |  7- 9 | 10-12 | 13-15 | 16-18 || total
---------------------------+-------+-------+-------+-------+-------+-------++-------
  Melee: War axe           |   111 |   113 |   196 |   355 |   950 |   116 ||  1841
  Throw: Boomerang         |    10 |    28 |    20 |    53 |   130 |       ||   241
         Javelin           |       |    20 |    36 |    78 |   125 |    12 ||   271
 Invoke: Heroism           |       |     2 |     9 |    24 |    26 |     3 ||    64
         Finesse           |       |       |       |       |     6 |       ||     6
    Use: Scroll            |     4 |     3 |    10 |     4 |     5 |       ||    26
         Potion            |     1 |     1 |     1 |     1 |     3 |     1 ||     8
   Stab: Distracted        |       |       |       |       |       |     1 ||     1
 Armour: Scale mail        |    36 |       |       |       |       |       ||    36
         Plate armour      |    42 |    76 |   105 |   122 |   353 |    53 ||   751
  Dodge: Dodged            |    33 |    58 |   118 |   167 |   447 |    45 ||   868
  Block: Buckler           |    25 |    21 |    65 |   145 |   243 |    17 ||   516
         Reflection        |       |       |       |     2 |       |       ||     2

Table legend:
 A = Non-vault XP
 B = Vault XP
 C = Vault XP percentage of total XP
 D = Non-vault monster count
 E = Vault monster count
 F = Vault count percentage of total count
                 A         B        C        D         E       F
            +---------+---------+-------+---------+---------+-------
      Total |   79458 |   60171 |  43.1 |     447 |     231 |  34.1
            +---------+---------+-------+---------+---------+-------
        D:1 |      28 |       0 |   0.0 |      15 |       0 |   0.0
        D:2 |      88 |       0 |   0.0 |      29 |       0 |   0.0
        D:3 |     189 |      25 |  11.7 |      30 |       7 |  18.9
        D:4 |     175 |       0 |   0.0 |      13 |       0 |   0.0
        D:5 |     448 |     164 |  26.8 |       8 |       1 |  11.1
        D:6 |     673 |       0 |   0.0 |      24 |       0 |   0.0
        D:7 |    1139 |       0 |   0.0 |      27 |       0 |   0.0
        D:8 |    3052 |       0 |   0.0 |      26 |       0 |   0.0
        D:9 |     648 |     386 |  37.3 |      16 |       2 |  11.1
       D:10 |    3480 |    3954 |  53.2 |      20 |      18 |  47.4
       D:11 |    3505 |   10923 |  75.7 |      14 |      63 |  81.8
       D:12 |    5282 |    1557 |  22.8 |      24 |       1 |   4.0
       D:13 |   10729 |   12840 |  54.5 |      26 |      27 |  50.9
     Lair:1 |    6520 |     914 |  12.3 |      35 |       4 |  10.3
     Lair:2 |    6302 |    5307 |  45.7 |      26 |      24 |  48.0
     Lair:3 |    2267 |   11723 |  83.8 |      11 |      42 |  79.2
     Lair:4 |    4860 |     557 |  10.3 |      21 |       1 |   4.5
     Lair:5 |   20430 |   11821 |  36.7 |      64 |      41 |  39.0
    Abyss:3 |    9643 |       0 |   0.0 |      18 |       0 |   0.0
            +---------+---------+-------+---------+---------+-------
